 Dungeon Crawl Stone Soup version 0.31.0-12-g77e489cdc1 (webtiles) character file.

Game seed: 1369374442840144145

55 Doomgape the Trooper (level 3, -2/24 HPs)
             Began as a Gargoyle Fighter on Feb 18, 2024.
             Slain by a gnoll
             ... wielding a +0 halberd
              (7 damage)
             ... on level 2 of the Dungeon.
             The game lasted 00:03:35 (1179 turns).

Doomgape the Trooper (Gargoyle Fighter)             Turns: 1179, Time: 00:03:36

Health: -2/24      AC: 10    Str: 21    XL:     3   Next: 93%
Magic:  3/3        EV:  9    Int:  8    God:
Gold:   49         SH:  4    Dex:  9    Spells: 2/2 levels left

rFire   . . .        a - +0 flail
rCold   . . .        c - +0 buckler
rNeg    + . .        b - +0 scale mail
rPois   ∞            (no helmet)
rElec   +            (no cloak)
rCorr   .            (no gloves)
SInv    .            (no boots)
Will    .....        (no amulet) Stlth
                     (no ring)
HPRegen 0.24/turn    (no ring)
MPRegen 0.08/turn

%: no passive effects
@: no status effects
A: sickness immunity, AC +3, negative energy resistance 1, electricity
resistance, torment resistance 1, petrification resistance
a: no special abilities


You were on level 2 of the Dungeon.
You visited 1 branch of the dungeon, and saw 2 of its levels.

You collected 49 gold pieces.

Inventory:

Hand Weapons
 a - a +0 flail (weapon)
Armour
 b - a +0 scale mail (worn)
 c - a +0 buckler (worn)
Scrolls
 d - a scroll of identify {unknown}


   Skills:
 + Level 4.0 Fighting
 + Level 2.8 Maces & Flails
 + Level 4.0 Armour
 - Level 3.2 Shields


You had 2 spell levels left.
You didn't know any spells.
Your spell library contained the following spells:

 Spells                   Type           Power      Damage    Failure   Level
 Tukima's Dance           Hex            0%         N/A       99%         3
 Dimensional Bullseye     Hex/Tloc       0%         N/A       100%        4
 Iskenderun's Mystic Bla  Conj/Tloc      0%         2d3       100%        4


Dungeon Overview and Level Annotations

Branches:
Dungeon (2/15)

Altars:

Shops:
D:2 [


Innate Abilities, Weirdness & Mutations

You are immune to sickness and miasma.
Your stone body is resilient. (AC +3)
You are immune to poison.
You resist negative energy. (rN+)
You are resistant to electric shocks. (rElec)
You are resistant to unholy torment.
You are immune to petrification.


Message History

The gnoll attacks as it pursues you! The gnoll hits you but does no damage.
The gnoll attacks as it pursues you! The gnoll barely misses you.
The gnoll attacks as it pursues you!
The gnoll hits you from afar with a +0 halberd.
There is a stone staircase leading up here.
The gnoll attacks as it pursues you! The gnoll hits you but does no damage.
The gnoll hits you with a +0 halberd.
There is a stone staircase leading up here.
You closely miss the gnoll.
A ribbon worm comes into view.
The gnoll hits you from afar with a +0 spear.
The gnoll hits you with a +0 halberd!
* * * LOW HITPOINT WARNING * * *
You hit the gnoll.
The gnoll is moderately wounded.
The gnoll closely misses you. The gnoll barely misses you.
You hit the gnoll but do no damage.
The gnoll is moderately wounded.
The gnoll closely misses you.
The gnoll throws a throwing net.
The throwing net closely misses you. The gnoll closely misses you.
You see here a throwing net.
Unknown command.
You barely miss the gnoll.
The gnoll is moderately wounded.
The gnoll misses you. The gnoll closely misses you.
The gnoll hits you but does no damage. You block the gnoll's attack.
The gnoll closely misses you.
Unknown command.
You barely miss the gnoll.
The gnoll is moderately wounded.
The gnoll hits you but does no damage.
The gnoll hits you from afar with a +0 spear.
* * * LOW HITPOINT WARNING * * *
You block the gnoll's attack. The gnoll barely misses you.
Unknown command.
You completely miss the gnoll.
The gnoll is moderately wounded.
The gnoll hits you but does no damage. The gnoll barely misses you.
The gnoll closely misses you. The gnoll hits you with a +0 halberd!
You die...

...... #.#
#....
#.#######
#...
#........
#..##
#########
#...# #.#w##
#.#gg## #
..##.g# #
#.#####@# #
#.....g<####
####
#.#####....##
....
####).###
.... ##...#
... ###.# ...
##.##########
#............
#.##.........


You could see a ribbon worm and 4 gnolls.

Vanquished Creatures
  2 adders (D:2)
  2 dart slugs (D:1)
  2 ribbon worms
  3 endoplasms
  A giant cockroach (D:2)
  4 goblins (D:1)
  3 jackals (D:1)
  2 quokkas (D:1)
  A bat (D:1)
  4 kobolds
  4 rats
28 creatures vanquished.

Notes
Turn   | Place    | Note
-------+----------+-------------------------------------------
     0 | D:1      | Doomgape the Gargoyle Fighter began the quest for the Orb.
     0 | D:1      | Reached XP level 1. HP: 14/14 MP: 1/1
   103 | D:1      | Reached XP level 2. HP: 4/19 MP: 2/2
   534 | D:1      | Found a faded altar of an unknown god.
   548 | D:1      | Reached XP level 3. HP: 23/24 MP: 3/3
  1049 | D:2      | Found Titteo Uviuf's Armour Emporium.
  1179 | D:2      | Slain by a gnoll

Illustrated notes

Levels and vault maps discovered:
D:1:      wander_arrival_fairy_ring, layout_basic,
          hellmonk_ecumenical_altar_heavens_door, nicolae_wormholes
D:2:      layout_basic, serial_shops, nicolae_shop_trees

Skill      XL: |  1  2  3 |
---------------+----------+-----
Fighting       | 4 |  4.0
Armour         | 4 |  4.0
Maces & Flails | |  2.8
Shields        | |  3.2

Action                     || total
---------------------------++-------
  Melee: Flail             ||   110
    Use: Potion            ||     1
         Scroll            ||     3
 Armour: Scale mail        ||   108
  Dodge: Dodged            ||    77
  Block: Buckler           ||    26
